cohdb
Replays
Latest Replays
All Replays
Popular Replays
Top Player Replays
Match Explorer
How It Works
Community
CoH3 Stats
Reddit
Sign in to upload your games and track your stats! →
Sign in with Steam
Match 43045841
Unlisted
Match 43045841
Overview
Messages
Build Orders
End
Construct Infanterie Kompanie
Selects Luftwaffe Battlegroup
Selects Luftwaffe Pioneer Support
Fallschirmpioneer Squad Paradrop
MG 42 Machine Gun Team
MG 42 Machine Gun Team
GrW 34 Mortar Team
Selects Stuka Strafing Run
Construct Luftwaffe Kompanie
Joraad
BlightTown's MOST WANTED
xRAMOSx
McVidelita
Genghis Chan
skibski__
FixBayonets
™
0
0
Comments
sign in to comment!
No comments posted yet!